 Dungeon Crawl Stone Soup version 0.30-a0-371-gad7725a93e (webtiles) character file.

Game seed: 15517852982839800937

3223 snetch the Thaumaturge (level 10, -18/64 HPs)
             Began as a Djinni Fire Elementalist on Nov 22, 2022.
             Was a Believer of Nemelex Xobeh.
             Demolished by an orc warrior
             ... wielding a +0 war axe
              (19 damage)
             ... on level 7 of the Dungeon.
             The game lasted 00:21:49 (6366 turns).

snetch the Thaumaturge (Djinni Fire Elementalist)   Turns: 6366, Time: 00:21:51

Health: -18/64     AC:  4    Str:  7    XL:     10   Next: 18%
Gold:   437        EV: 13    Int: 22    God:    Nemelex Xobeh [**....] SH:  5 Dex: 13

rFire   + + .      SeeInvis +    a - +2 rapier (elec)
rCold   x . .      Faith    .    (no shield)
rNeg    . . .      Spirit   .    q - +1 robe of the Fabulous God {*Slow rCorr Stlth+ Archmagi}
rPois   ∞          Reflect  +    (no helmet)
rElec   .          Harm     .    I - +0 cloak
rCorr   +          Rampage  .    (no gloves)
Will    ++...      Archmagi +    (boots unavailable)
Stlth   +++.......               r - amulet of reflection
HPRegen 0.30/turn                e - ring of see invisible
MPRegen 0.00/turn                t - ring of willpower

@: flying
A: sickness immunity, fire resistance 2, cold vulnerability 1, float, innate
caster, HP casting, extra vitality 1
a: Renounce Religion, Draw Escape, Draw Destruction, Draw Summoning


You were on level 7 of the Dungeon.
You worshipped Nemelex Xobeh.
Nemelex Xobeh was pleased with you.
You visited 2 branches of the dungeon, and saw 8 of its levels.

You collected 437 gold pieces.

Inventory:

Hand Weapons
 a - a +2 rapier of electrocution (weapon)
 s - a +2 long sword
 z - a +2 dagger of venom
 F - a +4 falchion
 G - a +2 scimitar
 H - a +3 quarterstaff of chaos
Missiles
 n - 56 stones
 u - 6 poisoned darts
 y - 2 javelins
Armour
 q - the +1 robe of the Fabulous God (worn) {*Slow rCorr Stlth+ Archmagi}
   (You found it on level 4 of the Dungeon)

   rCorr:     It protects you from acid and corrosion.
   *Slow:     It may slow you when you take damage.
   Archmagi:  It increases the power of your magical spells.
   Stlth:     It makes you more stealthy.
 I - a +0 cloak (worn)
Magical Staves
 b - a staff of death
 A - a staff of earth
 D - a staff of air
Jewellery
 e - a ring of see invisible (left hand)
 r - an amulet of reflection (around neck)
 t - a ring of willpower (right hand)
Wands
 h - a wand of mindburst (7)
 x - a wand of flame (13)
Scrolls
 c - a scroll of fear {unknown}
 d - 2 scrolls of vulnerability {unknown}
 f - 3 scrolls of teleportation {unknown}
 j - 2 scrolls of blinking {unknown}
 l - a scroll of enchant weapon {unknown}
 o - 2 scrolls of amnesia {unknown}
 p - 3 scrolls of torment {unknown}
 v - a scroll of brand weapon {unknown}
 w - 2 scrolls of identify {unknown}
 B - a scroll of magic mapping {unknown}
 C - a scroll of immolation {unknown}
Potions
 g - 2 potions of berserk rage {unknown}
 i - 2 potions of mutation {unknown}
 k - 2 potions of flight {unknown}
 m - 3 potions of heal wounds {unknown}
 E - a potion of haste {unknown}
 J - a potion of magic {unknown}


   Skills:
 + Level 2.1 Fighting
 + Level 0.8 Short Blades
 + Level 0.7 Staves
 + Level 3.8 Dodging
 + Level 3.6 Stealth
 + Level 1.3 Shields
 + Level 9.9 Spellcasting


You had 5 spell levels left.
You knew the following spells:

 Your Spells              Type           Power      Damage    Failure   Level
a - Foxfire               Conj/Fire      100%       2x1d9     1%          1
b - Scorch                Fire           100%       2d10      1%          2
c - Kindle Blastsparks    Fire/Tloc/Air  100%       2d18      1%          3
d - Inner Flame           Hex/Fire       69%        N/A       1%          3
e - Flame Wave            Conj/Fire      69%        2d16      1%          4
f - Kiss of Death         Conj/Necr      100%       2d13      1%          1
g - Passwall              Tmut/Erth      57%        N/A       1%          2
h - Vhi's Electric Charg  Tloc/Air       100%       N/A       1%          3
i - Anguish               Hex/Necr       34%        N/A       1%          4
Your spell library was empty.

Dungeon Overview and Level Annotations

Branches:
Dungeon (7/15)             Temple (1/1) D:5

Altars:
Ashenzari
Cheibriados
Fedhas
Gozag
Hepliaklqana
Makhleb
Nemelex Xobeh
Okawaru
Qazlal
Ru
Trog
Uskayaw
Wu Jian
Xom
Yredelemnul
Zin
The Shining One

Annotations:
D:6 3 runed translucent doors, qeuew's ghost, novice MfGl


Innate Abilities, Weirdness & Mutations

You are immune to sickness and miasma.
You are immune to poison.
Your flesh is very heat resistant. (rF++)
You are vulnerable to cold. (rC-)
You float through the air rather than walking.
You learn spells naturally, not from books.
Your magical power is your life essence.
You have superior vitality. (+4 MHP)


Message History

Confirm with . or Enter, or press ? or * to list all spells.
Charge where?
Press: ? - help, Dir - move target, f - orc wizard, p - orc
Aim: an orc wizard, wielding a +0 dagger and wearing a +0 robe You feel a surge of power!
You charge forward with an electric crackle!
You barely miss the orc wizard. The orc wizard closely misses you.
Unknown command.
Casting: Vhi's Electric Charge (safe; 1% risk of failure)
Confirm with . or Enter, or press ? or * to list all spells.
You feel a surge of power!
Flames lash the orc wizard.
The orc wizard is almost dead.
The orc wizard's fire resistance burns away.
The orc warrior hits you with a +0 war axe!
The orc wizard casts a spell at you. The puff of flame hits you. You resist.
The orc warrior attacks as you move away!
The orc warrior hits you with a +0 war axe!
Casting: Scorch (safe; 1% risk of failure)
Confirm with . or Enter, or press ? or * to list all spells.
Casting: Flame Wave (dangerous; 1% risk of failure)
Press: ? - help, Dir - look around, f - activate You feel a surge of power!
A wave of flame ripples out!
The flame wave engulfs the orc warrior.
The orc warrior is lightly wounded.
The flame wave engulfs the orc wizard!!
The orc wizard is burned terribly!
You kill the orc wizard! (Press . to intensify the flame waves.)
* * * LOW HITPOINT WARNING * * *
The orc warrior hits you with a +0 war axe!
* * * LOW HITPOINT WARNING * * *
The orc misses you.
A wave of flame ripples out!
The flame wave engulfs the orc warrior!
The orc warrior is heavily wounded.
The flame wave engulfs the orc!
You kill the orc!
* * * LOW HITPOINT WARNING * * *
The orc warrior hits you with a +0 war axe!!
You die...
Your body disappears without a glow.

#+ #. #. ##.##
##...#######
#...<...[..#
##.........###.#
............o)...#
#######...).@#####
#......# #......#
########


You could see an orc warrior.

Vanquished Creatures
  Pikel (D:5)
  Grinder (D:5)
  Eustachio (D:5)
  A steam dragon (D:6)
  Edmund (D:5)
  A sky beast (D:6)
  2 ice beasts
  An ogre (D:5)
  2 black bears
  A centaur (D:6)
  A phantom (D:4)
  A lemure (D:4)
  A necrophage (D:5)
  5 scorpions
  10 wights
  A howler monkey (D:6)
  An orc priest (D:4)
  A jelly (D:4)
  Crazy Yiuf (D:5)
  4 hounds
  3 iguanas
  Ijyb (D:4)
  5 orc wizards
  5 adders
  A shadow imp (D:5)
  A white imp (D:5)
  4 dart slugs
  7 orcs
  7 bats
  5 endoplasms
  A giant cockroach (D:4)
  5 goblins
  8 hobgoblins
  7 jackals
  5 kobolds
  A quokka (D:3)
  10 ball pythons
  A frilled lizard (D:1)
  9 rats
124 creatures vanquished.

Vanquished Creatures (collateral kills)
  2 foxfires (D:2)
2 creatures vanquished.

Vanquished Creatures (others)
  169 foxfires
  3 fungi (D:5)
  3 plants (D:2)
175 creatures vanquished.

Grand Total: 301 creatures vanquished

Notes
Turn   | Place    | Note
-------+----------+-------------------------------------------
     0 | D:1      | snetch the Djinni Fire Elementalist began the quest for the
                  | Orb.
     0 | D:1      | snetch set off with the following spells memorised:
                  | Foxfire, Scorch, Kindle Blastsparks, Inner Flame, Flame
                  | Wave.
     0 | D:1      | Reached XP level 1. HP: 15/15 MP: 0/0
    43 | D:2      | Reached XP level 2. HP: 14/21 MP: 0/0
   242 | D:2      | Reached skill level 3 in Spellcasting
   364 | D:3      | Reached XP level 3. HP: 23/25 MP: 0/0
   364 | D:3      | Learned a level 1 spell: Kiss of Death
  1481 | D:2      | Reached XP level 4. HP: 19/25 MP: 0/0
  1846 | D:4      | Noticed a black bear
  1852 | D:4      | Killed a black bear
  1853 | D:4      | Reached skill level 4 in Spellcasting
  1853 | D:4      | Reached XP level 5. HP: 21/35 MP: 0/0
  1853 | D:4      | Learned a level 2 spell: Passwall
  1856 | D:4      | Identified the +1 robe of the Fabulous God {*Slow rCorr
                  | Stlth+ Archmagi}
  1895 | D:4      | Reached XP level 6. HP: 12/40 MP: 0/0
  2372 | D:3      | Found a large runed translucent door.
  2372 | D:3      | Found a large runed translucent door.
  2412 | D:3      | Found a sparkling altar of Nemelex Xobeh.
  2425 | D:3      | Became a worshipper of Nemelex Xobeh the Trickster
  2951 | D:5      | Entered Level 5 of the Dungeon
  2951 | D:5      | Noticed an ogre
  2958 | D:5      | Killed an ogre
  2959 | D:5      | Reached skill level 5 in Spellcasting
  2961 | D:5      | Reached XP level 7. HP: 3/44 MP: 0/0
  2961 | D:5      | Learned a level 3 spell: Vhi's Electric Charge
  3322 | D:4      | Found an ornate altar of the Wu Jian Council.
  3478 | D:4      | Reached skill level 1 in Fighting
  3478 | D:4      | Reached skill level 6 in Spellcasting
  3482 | D:4      | Reached XP level 8. HP: 44/52 MP: 0/0
  3588 | D:4      | Noticed Ijyb
  3592 | D:4      | Killed Ijyb
  3797 | D:4      | Reached * piety under Nemelex Xobeh
  4254 | D:5      | Noticed Grinder
  4269 | D:5      | Killed Grinder
  4272 | D:5      | Found a staircase to the Ecumenical Temple.
  4282 | D:5      | Reached skill level 7 in Spellcasting
  4294 | Temple   | Entered the Ecumenical Temple
  4626 | D:5      | Noticed Pikel
  4882 | D:6      | Received a gift from Nemelex Xobeh
  4894 | D:6      | Reached XP level 9. HP: 21/58 MP: 0/0
  4894 | D:6      | Learned a level 4 spell: Anguish
  4897 | D:6      | Found a runed translucent gate.
  4897 | D:6      | Found a runed translucent gate.
  4897 | D:6      | Found a runed translucent gate.
  4898 | D:6      | Noticed qeuew's ghost (novice MfGl)
  5088 | D:5      | Noticed Eustachio
  5092 | D:5      | Killed Eustachio
  5093 | D:5      | Reached skill level 8 in Spellcasting
  5138 | D:5      | Identified the +1 plate armour of Xesummog {Fly Int+3
                  | Stlth+}
  5212 | D:5      | Found an iron altar of Okawaru.
  5278 | D:5      | Killed Pikel
  5477 | D:5      | Reached skill level 1 in Shields
  5477 | D:5      | Reached skill level 9 in Spellcasting
  5675 | D:5      | Noticed Edmund
  5681 | D:5      | Killed Edmund
  5790 | D:5      | Found a runed translucent door.
  5791 | D:5      | Noticed Crazy Yiuf
  5799 | D:5      | Killed Crazy Yiuf
  6009 | D:7      | Reached XP level 10. HP: 46/64 MP: 0/0
  6202 | D:6      | Reached ** piety under Nemelex Xobeh
  6365 | D:7      | HP: 2/64 [orc warrior/+0 war axe (16)]
  6366 | D:7      | Demolished by an orc warrior

Illustrated notes

Levels and vault maps discovered:
D:1:      dpeg_arrival_ratfight, layout_basic, hangedman_abyss_or_decor_stabs,
          minivault_4, nicolae_figureground_pulse
D:2:      layout_loops_ring, chequers_decorated_corner, chequers_big_river
D:3:      layout_loops_cross, jmf_multi_god_temple2, serial_glass,
          glass_columns_a, glass_columns_b, glass_columns_b, glass_columns_c,
          glass_columns_b, glass_columns_a, glass_columns_a, glass_columns_a,
          nicolae_underground_beach
D:4:      layout_basic, nicolae_wu_jian_wuxing_cycle, minivault_1,
          minmay_ruptured, uniq_ijyb
D:5:      layout_loops_cross, mainiacjoe_overflow_boulevard,
          minmay_temple_entry_large_hall, uniq_edmund, uniq_crazy_yiuf_cottage,
          uniq_pikel, uniq_grinder, uniq_eustachio
D:6:      layout_basic, mainiacjoe_overflow_concentric_impassable,
          amcnicky_altar_gilded, gammafunk_ghost_necromancy
D:7:      layout_loops_corners, kennysheep_mini
Temple:   bh_familiar_temple

Skill      XL: |  1  2  3  4  5  6  7  8  9 |
---------------+----------------------------+-----
Spellcasting   | 3 4 5 6 7 9 |  9.9
Stealth        | 2 3 |  3.6
Fighting       | 1 2 |  2.1
Dodging        | 3 |  3.8
Shields        | 1 |  1.3
Short Blades   | |  0.8
Staves         | |  0.7

Action                   |  1- 3 |  4- 6 |  7- 9 | 10-12 || total
-------------------------+-------+-------+-------+-------++-------
Melee: Staff             |    11 |     1 |     4 |       ||    16
       Dagger            |       |     6 |     2 |       ||     8
       Rapier            |       |       |     6 |     5 ||    11
       Scimitar          |       |       |     1 |       ||     1
 Cast: Foxfire           |    48 |    24 |    25 |     1 ||    98
       Scorch            |     5 |    18 |    81 |    12 ||   116
       Kiss of Death     |     2 |     2 |       |       ||     4
       Passwall          |       |     1 |       |       ||     1
       Vhi's Electric Ch |       |       |     5 |     3 ||     8
       Flame Wave        |       |       |     2 |     1 ||     3
       Anguish           |       |       |     1 |       ||     1
Invok: Draw Destruction  |       |       |     1 |       ||     1
 Stab: Sleeping          |       |     1 |     2 |       ||     3
Armor: Robe              |     4 |     4 |     2 |     1 ||    11
Dodge: Dodged            |    18 |     5 |    31 |     7 ||    61
Block: Other             |       |       |     8 |     2 ||    10

Table legend: (Time is in decaauts)
 A = Elapsed time spent in this place.
 B = Non-inter-level travel time spent in this place.
 C = Inter-level travel time spent in this place.
 D = Time resting spent in this place.
 E = Time spent auto-exploring this place.
 F = Levels seen in this place.
 G = Mean time per level.
                   A        B        C        D        E       F      G
               +--------+--------+--------+--------+--------+-----+--------+
         Total |   6377 |   6028 |    349 |    253 |   4468 |   8 |  797.1 |
       Dungeon |   6094 |   5771 |    323 |    253 |   4216 |   7 |  870.6 |
        Temple |    282 |    256 |     26 |      0 |    252 |   1 |  282.0 |
               +--------+--------+--------+--------+--------+-----+--------+

Top non-repeatable levels by time:
     D:4: 1624 daAuts
     D:5: 1206 daAuts
     D:3: 1046 daAuts
     D:1: 1038 daAuts
     D:2: 745 daAuts
     D:6: 397 daAuts
  Temple: 282 daAuts
     D:7: 35 daAuts
